cohdb
Replays
Latest Replays
All Replays
Popular Replays
Top Player Replays
Match Explorer
How It Works
Community
CoH3 Stats
Reddit
Sign in to upload your games and track your stats! →
Sign in with Steam
Match 40589349
Unlisted
Match 40589349
Overview
Messages
Build Orders
End
Kradschützen Motorcycle Team
Selects Italian Combined Arms Battlegroup
Selects Italian Combined Arms Battlegroup
Selects Bersaglieri Squad
Bersaglieri Squad
Bersaglieri Squad
Construct Light Support Kompanie
MG34 Team
Fire Support Elements
Flakvierling Half-track
2.5-tonne Medical Truck
Panzerpioneer Squad
Panzerjäger Mechanized Group
Combat Half-tracks
Construct Panzerarmee Kommand
Panzer III L Medium Tank
Vehicle Survival Package
Selects Bersaglieri Bolster
Selects Breda Model 30 Light Machine Guns
sharpshooter
HatMustang
Hawk
MC
0
0
Comments
sign in to comment!
No comments posted yet!